 Dungeon Crawl Stone Soup version 0.25.0-1-g7eea58d2a3 (webtiles) character file.

Game seed: 10123754384253313662

11217 atarun the Carver (level 11, -4/87 HPs)
             Began as a Demonspawn Berserker on June 13, 2020.
             Was a High Priest of Trog.
             Slain by an unseen horror (8 damage)
             ... on level 10 of the Dungeon.
             The game lasted 00:52:35 (11410 turns).

atarun the Carver (Demonspawn Berserker)           Turns: 11410, Time: 00:52:36

Health: -4/87      AC:  9    Str: 25    XL:     11   Next: 46%
Magic:  11/11      EV: 18    Int: 18    God:    Trog [*****.]
Gold:   348        SH:  0    Dex: 12    Spells: 10/10 levels left

rFire    . . .     SeeInvis .   x - +3 triple sword "Qaig" {vorpal, +Inv MR+ Int+7}
rCold    . . .     Gourm    .   (shield currently unavailable)
rNeg     . . .     Faith    .   C - +0 troll leather armour
rPois    .         Spirit   .   j - +0 helmet
rElec    .         Reflect  .   (no cloak)
rCorr    .         Harm     .   F - +0 pair of gloves {archery}
MR       +....                  (no boots)
Stlth    +++.......             (no amulet)
HPRegen  0.64/turn              b - +4 ring of evasion
MPRegen  0.12/turn              E - +6 ring of strength

@: very slightly contaminated, invisible
A: claws 2, thin metallic scales 1, nightstalker 1, rot immunity
a: Berserk, Trog's Hand, Brothers in Arms, Renounce Religion


You were on level 10 of the Dungeon.
You worshipped Trog.
Trog was extremely pleased with you.
You were not hungry.

You visited 3 branches of the dungeon, and saw 13 of its levels.
You also visited: Sewer.

You collected 481 gold pieces.
You spent 133 gold pieces at shops.

Inventory:

Hand Weapons
 r - a +0 great sword of protection
 x - the +3 triple sword "Qaig" (weapon) {vorpal, +Inv MR+ Int+7}
   (Trog gifted it to you on level 8 of the Dungeon)

   It inflicts extra damage upon your enemies.
   It affects your intelligence (+7).
   It affects your resistance to hostile enchantments.
   It lets you turn invisible.
 y - a +1 great sword of electrocution
Armour
 j - a +0 helmet (worn)
 n - a +3 scale mail of poison resistance
 C - a +0 troll leather armour (worn)
 F - a +0 pair of gloves of archery (worn)
Jewellery
 b - a +4 ring of evasion (left hand)
 d - an uncursed ring of protection from fire
 e - an uncursed ring of flight
 g - an uncursed ring of positive energy
 p - an uncursed ring of ice
 E - a +6 ring of strength (right hand)
Wands
 a - a wand of digging (15)
 l - a wand of iceblast (14)
 A - a wand of flame (11)
 B - a wand of clouds (4)
 D - a wand of random effects (20)
Scrolls
 f - 10 scrolls of identify
 i - 5 scrolls of remove curse
 m - 8 scrolls of teleportation
 u - 4 scrolls of blinking
 v - a scroll of magic mapping
Potions
 o - 2 potions of cancellation
 q - 5 potions of magic
 s - a potion of berserk rage {unknown}
 t - 4 potions of curing
 z - 2 potions of haste
Comestibles
 c - 7 rations
 k - a chunk of flesh


   Skills:
 + Level 8.4 Fighting
 + Level 12.2 Long Blades
 + Level 7.0 Armour
 + Level 5.5 Dodging
 + Level 2.9 Stealth
   Level 0.1 Shields


You had 10 spell levels left.
You didn't know any spells.
Your spell library was empty.

Dungeon Overview and Level Annotations

Branches:
Dungeon (11/15)            Temple (1/1) D:4            Lair (1/6) D:8
    Orc (0/2) D:10          Sewer (visited)

Altars:
Ashenzari
Cheibriados
Dithmenos
Elyvilon
Fedhas
Gozag
Hepliaklqana
Kikubaaqudgha
Makhleb
Nemelex Xobeh
Okawaru
Qazlal
Ru
Sif Muna
Trog
Uskayaw
Vehumet
Wu Jian
Xom
Yredelemnul
Zin
The Shining One

Shops:
D:4 *

Annotations:
D:8 3 runed translucent doors, Vidiiot's ghost, novice DDFi


Innate Abilities, Weirdness & Mutations

You have very sharp fingernails.
You are partially covered in thin metallic scales. (AC +2)
You are slightly more attuned to the shadows.
You are immune to rotting.


Message History

* * * LOW HITPOINT WARNING * * *
Something hits you but does no damage. Something hits you but does no damage.
Something hits you!
* * * LOW HITPOINT WARNING * * *
Something hits you.
* * * LOW HITPOINT WARNING * * *
You feel much better. Something hits you.
* * * LOW HITPOINT WARNING * * *
You fade into invisibility!
Something hits you.
* * * LOW HITPOINT WARNING * * *
You are very lightly contaminated with residual magic.
Something hits you but does no damage.
A killer bee comes into view.
Something hits you!
* * * LOW HITPOINT WARNING * * *
The killer bee moves out of view.
Something hits you but does no damage. Something hits you!
You die...

######## #.. #####..#%§≈#..#
##########..########).#####..####
...................)(..§.§......$
.##########..########(......#####
.# #..##########.#########
.##########......................
.................................
.#############..{################
.# #..@# .# #...#
.#############...################
.................>...............
.................................
###### #####y############†.......
############.# #......<.
.............############........
.................................


You could see a killer bee (wandering).

Vanquished Creatures
  Josephine (D:10)
  2 two-headed ogres
  Pikel (D:4)
  A komodo dragon (D:8)
  A merfolk (D:10)
  3 trolls
  Prince Ribbit (D:6)
  Grinder (D:4)
  A hippogriff (D:10)
  A meliai zombie (D:11)
  A spriggan (D:10)
  4 wraiths (D:10)
  6 yaks (Lair:1)
  A basilisk (D:8)
  A hungry ghost (D:8)
  Edmund (D:6)
  3 porcupines
  Duvessa (D:6)
  A necrophage (D:10)
  4 sky beasts
  3 black bears (D:8)
  An orc warrior (D:7)
  A phantom (D:7)
  An ogre (D:8)
  4 centaurs
  3 wolves (D:8)
  A crocodile (D:8)
  A big kobold (D:9)
  5 bullfrogs
  2 wyvern zombies
  Dowan (D:6)
  3 scorpions
  A water moccasin skeleton (D:5)
  6 killer bees
  6 wights
  A centaur zombie (D:6)
  3 crimson imps
  A bullfrog zombie (D:6)
  7 hounds
  4 orc priests
  8 orc wizards
  3 jellies
  2 bullfrog skeletons
  A centaur skeleton (D:11)
  Natasha (thrice) (D:3)
  4 iguanas
  3 worker ants
  A hound skeleton (D:5)
  2 worker ant zombies
  3 gnolls (D:10)
  15 adders
  8 river rats
  5 shadow imps
  3 oozes
  2 adder skeletons
  2 worms
  A dart slug (D:2)
  7 leopard geckos
  23 orcs
  11 ball pythons
  7 bats
  9 giant cockroaches
  8 goblins
  5 hobgoblins
  5 jackals (D:2)
  3 quokkas
  8 frilled lizards
  13 kobolds
  A leopard gecko skeleton (D:4)
  30 rats
287 creatures vanquished.

Vanquished Creatures (others)
  2 fungi (D:8)
  2 plants (D:8)
4 creatures vanquished.

Grand Total: 291 creatures vanquished

Notes
Turn   | Place    | Note
-------+----------+-------------------------------------------
     0 | D:1      | atarun the Demonspawn Berserker began the quest for the
                  | Orb.
     0 | D:1      | Reached XP level 1. HP: 18/18 MP: 1/1
   552 | D:1      | Reached skill level 3 in Long Blades
   557 | D:1      | Gained mutation: You have sharp fingernails. [demonic
                  | ancestry]
   557 | D:1      | Reached XP level 2. HP: 16/24 MP: 2/2
  1494 | D:2      | Gained mutation: You are partially covered in thin metallic
                  | scales. (AC +2) [demonic ancestry]
  1494 | D:2      | Reached XP level 3. HP: 23/29 MP: 3/3
  1655 | D:2      | Reached ** piety under Trog
  2176 | D:2      | Reached XP level 4. HP: 35/35 MP: 4/4
  2178 | D:2      | Found a faded altar of an unknown god.
  2534 | D:3      | Noticed Natasha
  2542 | D:3      | Reached skill level 4 in Long Blades
  2567 | D:3      | Killed Natasha
  2567 | D:3      | Reached XP level 5. HP: 26/41 MP: 5/5
  2576 | D:3      | Noticed Natasha
  2588 | D:3      | Killed Natasha
  2744 | D:3      | Found a burning altar of Makhleb.
  2748 | D:3      | Noticed Natasha
  2758 | D:3      | Killed Natasha
  3407 | D:4      | Reached XP level 6. HP: 35/48 MP: 6/6
  3414 | D:4      | Reached skill level 5 in Long Blades
  3597 | D:4      | Found Vyurghed's General Store.
  3605 | D:4      | Bought a +0 buckler for 63 gold pieces
  3605 | D:4      | Bought a scroll of remove curse for 42 gold pieces
  3605 | D:4      | Bought a scroll of identify for 28 gold pieces
  3740 | D:4      | Found a staircase to the Ecumenical Temple.
  3743 | D:4      | Noticed a slave
  3750 | D:4      | Noticed a slave
  3755 | D:4      | Noticed a slave
  3757 | D:4      | Noticed Pikel
  3762 | D:4      | Noticed a slave
  3774 | D:4      | Killed Pikel
  3774 | D:4      | Reached skill level 6 in Long Blades
  3774 | D:4      | Reached XP level 7. HP: 27/55 MP: 7/7
  4062 | D:4      | Reached *** piety under Trog
  4162 | D:4      | Noticed Grinder
  4166 | D:4      | Paralysed by Grinder for 6 turns
  4183 | D:4      | Killed Grinder
  4183 | D:4      | Reached skill level 5 in Fighting
  4183 | D:4      | Reached skill level 1 in Stealth
  4471 | Temple   | Entered the Ecumenical Temple
  4737 | D:5      | Entered Level 5 of the Dungeon
  4770 | D:5      | Gained mutation: You have very sharp fingernails. [demonic
                  | ancestry]
  4770 | D:5      | Reached XP level 8. HP: 49/62 MP: 8/8
  5391 | D:5      | Found a glowing drain.
  5398 | Sewer    | Entered a sewer
  5694 | Sewer    | Reached **** piety under Trog
  5864 | Sewer    | Reached skill level 7 in Long Blades
  6671 | D:6      | Noticed Duvessa
  6677 | D:6      | Noticed Dowan
  6682 | D:6      | Killed Duvessa
  6690 | D:6      | Killed Dowan
  6690 | D:6      | Reached skill level 8 in Long Blades
  6694 | D:6      | Gained mutation: You are immune to rotting. [demonic
                  | ancestry]
  6694 | D:6      | Reached XP level 9. HP: 50/69 MP: 9/9
  6824 | D:6      | Found a hazy altar of Hepliaklqana.
  6838 | D:6      | Noticed Edmund
  6845 | D:6      | Killed Edmund
  6845 | D:6      | Reached skill level 5 in Armour
  7024 | D:6      | Noticed Prince Ribbit
  7034 | D:6      | Killed Prince Ribbit
  7598 | D:7      | Reached skill level 9 in Long Blades
  7647 | D:7      | You fall into a shaft and drop 1 floor!
  7647 | D:8      | Found a staircase to the Lair.
  7664 | D:8      | Reached ***** piety under Trog
  8388 | D:8      | Gained mutation: You are slightly more attuned to the
                  | shadows. [demonic ancestry]
  8388 | D:8      | Reached XP level 10. HP: 63/77 MP: 10/10
  8394 | D:8      | Received a gift from Trog
  8394 | D:8      | Reached skill level 10 in Long Blades
  8426 | D:8      | Got a fine triple sword {god gift}
  8427 | D:8      | Identified the +3 triple sword "Qaig" {vorpal, +Inv MR+
                  | Int+7} (Trog gifted it to you on level 8 of the Dungeon)
  8588 | D:8      | Found a runed translucent gate.
  8589 | D:8      | Found a runed translucent gate.
  8589 | D:8      | Found a runed translucent gate.
  8603 | D:8      | Noticed Vidiiot's ghost (novice DDFi)
  8759 | D:8      | Noticed a two-headed ogre
  8763 | D:8      | Killed a two-headed ogre
  9119 | Lair:1   | Entered Level 1 of the Lair of Beasts
  9172 | Lair:1   | Reached skill level 11 in Long Blades
  9174 | Lair:1   | HP: 2/118 [yak (12)]
  9557 | Lair:1   | Noticed a five-headed hydra
  9977 | D:9      | Noticed a two-headed ogre
  9984 | D:9      | Killed a two-headed ogre
 10170 | D:9      | Reached XP level 11. HP: 36/86 MP: 11/11
 10728 | D:10     | Entered Level 10 of the Dungeon
 10867 | D:10     | Reached skill level 5 in Dodging
 10896 | D:10     | You fall into a shaft and drop 1 floor!
 11045 | D:10     | Found a staircase to the Orcish Mines.
 11121 | D:10     | Noticed Josephine
 11132 | D:10     | Killed Josephine
 11132 | D:10     | Reached skill level 12 in Long Blades
 11405 | D:10     | HP: 4/87 [something (10)]
 11410 | D:10     | Slain by an unseen horror

Illustrated notes

Levels and vault maps discovered:
D:1:      dpeg_arrival_boxes_within_box, layout_basic
D:2:      layout_loops_ring, chequers_ecumenical_altar_simple
D:3:      layout_rooms, bloody_makhleb, uniq_natasha
D:4:      layout_basic, minmay_temple_entry_large_hall, first_ration,
          serial_shops, nicolae_shop_crystal, uniq_pikel, uniq_grinder
D:5:      cheibrodos_quashed, layout_layer_cave, portal_sewer_entry_e,
          serial_glass, glass_columns_a, glass_columns_a,
          kennysheep_pointless_box
D:6:      layout_rooms, lemuel_round_altar, uniq_edmund, uniq_prince_ribbit1,
          uniq_duvessa
D:7:      layout_loops_ring
D:8:      layout_cave_pools, minmay_lair_entry_grove, gammafunk_ghost_spectres
D:9:      layout_rooms
D:10:     layout_long_grid, orc_0_dummy, hangedman_stone_soup, uniq_josephine
D:11:     layout_stronghold
Temple:   nicolae_temple_the_god_donut
Lair:1:   layout_chaotic_city, hibernation_bobbens

Skill      XL: |  1  2  3  4  5  6  7  8  9 10 11 |
---------------+----------------------------------+-----
Long Blades    | 3 4 6 8 9 11 12 | 12.2
Dodging        | 2 3 4 5 |  5.5
Armour         | 2 3 4 5 6 7 |  7.0
Fighting       | 4 5 6 7 8 |  8.4
Stealth        | 1 2 |  2.9
Shields        | |  0.1

Action                   |  1- 3 |  4- 6 |  7- 9 | 10-12 || total
-------------------------+-------+-------+-------+-------++-------
Melee: Falchion          |   122 |   163 |       |       ||   285
       Great sword       |       |       |   339 |       ||   339
       Scimitar          |       |       |    74 |    28 ||   102
       Triple sword      |       |       |       |   207 ||   207
Invok: Berserk           |     1 |     3 |     5 |     2 ||    11
       Trog's Hand       |       |     1 |     2 |     2 ||     5
  Use: Scroll            |     5 |     3 |     6 |     4 ||    18
       Potion            |     4 |     3 |     6 |     5 ||    18
 Stab: Sleeping          |     1 |       |       |     6 ||     7
  Eat: Chunk             |     2 |     1 |     9 |     2 ||    14
       Ration            |     1 |     2 |     4 |     4 ||    11
Armor: Leather armour    |    16 |       |       |       ||    16
       Animal skin       |     1 |       |       |       ||     1
       Scale mail        |    11 |    66 |   221 |    50 ||   348
       Troll leather arm |       |       |       |    53 ||    53
Dodge: Dodged            |   100 |   143 |   552 |   303 ||  1098
Block: Buckler           |       |     6 |       |       ||     6
       Rpst.: Falchion   |    29 |    39 |       |       ||    68
       Great sword       |       |       |   139 |       ||   139
       Scimitar          |       |       |    11 |    13 ||    24
       Triple sword      |       |       |       |    59 ||    59
